 Dungeon Crawl Stone Soup version 0.26.1-11-gd32895ea62 (webtiles) character file.

Game seed: 1390253066557890279

289 phalm the Conjurer (level 6, -4/44 HPs)
             Began as a Gnoll Conjurer on May 20, 2021.
             Killed by divine providence
             ... invoked by an orc priest
              (11 damage)
             ... on level 4 of the Dungeon on May 22, 2021.
             The game lasted 00:06:45 (2946 turns).

phalm the Conjurer (Gnoll Conjurer)                 Turns: 2946, Time: 00:06:46

Health: -4/44      AC:  2    Str: 10    XL:     6   Next: 31%
Magic:  1/14       EV: 14    Int: 22    God:
Gold:   285        SH:  0    Dex: 13    Spells: 12/15 levels left

rFire    . . .     SeeInvis .   q - +0 spear (freeze)
rCold    . . .     Faith    .   (no shield)
rNeg     . . .     Spirit   .   a - +0 robe
rPois    .         Reflect  .   (no helmet)
rElec    .         Harm     .   (no cloak)
rCorr    .         Rampage  .   (no gloves)
Will     +....                  (no boots)
Stlth    +++.......             (no amulet)
HPRegen  0.14/turn              n - ring of willpower
MPRegen  0.14/turn              (no ring)

@: no status effects
A: distributed training, fangs 1, strong nose
a: no special abilities


You were on level 4 of the Dungeon.
You visited 1 branch of the dungeon, and saw 4 of its levels.

You collected 285 gold pieces.


Innate Abilities, Weirdness & Mutations

Your experience applies equally to all skills.
You have very sharp teeth.
Your uncanny sense of smell can sniff out nearby items.


   Skills:
 + Level 1.9 Fighting
 + Level 1.9 Short Blades
 + Level 1.9 Long Blades
 + Level 1.9 Axes
 + Level 1.9 Maces & Flails
 + Level 1.9 Polearms
 + Level 1.9 Staves
 + Level 1.9 Slings
 + Level 1.9 Bows
 + Level 1.9 Crossbows
 + Level 1.9 Throwing
 + Level 1.9 Armour
 + Level 4.9 Dodging
 + Level 4.5 Stealth
 + Level 1.9 Shields
 + Level 1.9 Unarmed Combat
 + Level 5.3 Spellcasting
 + Level 7.2 Conjurations
 + Level 1.5 Hexes
 + Level 1.5 Summonings
 + Level 1.5 Necromancy
 + Level 1.5 Translocations
 + Level 1.5 Transmutations
 + Level 1.5 Fire Magic
 + Level 1.5 Ice Magic
 + Level 1.5 Air Magic
 + Level 1.5 Earth Magic
 + Level 1.5 Poison Magic
 + Level 2.1 Invocations
 + Level 1.9 Evocations


You had 12 spell levels left.
You knew the following spells:

 Your Spells              Type           Power        Failure   Level
m - Magic Dart            Conj           100%         1%          1
s - Searing Ray           Conj           74%          1%          2

Your spell library contained the following spells:

 Spells                   Type           Power        Failure   Level
 Dazzling Flash           Conj/Hex       50%          4%          3
 Fulminant Prism          Conj/Hex       12%          16%         4
 Iskenderun's Mystic Bla  Conj/Tloc      25%          16%         4

Inventory:

Hand Weapons
 i - a +0 dagger
   (You took it off a goblin on level 1 of the Dungeon)
 q - a +0 spear of freezing (weapon)
   (You found it on level 2 of the Dungeon)
Missiles
 d - 6 javelins
 h - 25 stones
 m - 23 sling bullets
 t - a boomerang
 w - 25 bolts
Armour
 a - a +0 robe (worn)
Jewellery
 n - a ring of willpower (left hand)
   (You found it on level 1 of the Dungeon)
 y - a +6 ring of strength {unknown}
   (You found it on level 3 of the Dungeon)
Scrolls
 b - a scroll of teleportation {unknown}
 c - 3 scrolls of amnesia {unknown}
 j - a scroll of blinking {unknown}
 k - 7 scrolls of identify {unknown}
 l - a scroll of immolation {unknown}
 p - a scroll of magic mapping {unknown}
 r - 2 scrolls of random uselessness {unknown}
 x - a scroll of fog {unknown}
 z - a scroll of enchant weapon {unknown}
Potions
 e - a potion of brilliance {unknown}
 f - a potion of berserk rage {unknown}
 g - a potion of lignification {unknown}
 o - a potion of haste {unknown}
 s - 2 potions of attraction {unknown}
 u - a potion of degeneration {unknown}
 v - a potion of mutation {unknown}

Dungeon Overview and Level Annotations

Branches:
Dungeon (4/15)
 Temple: D:4-7

Altars:
Wu Jian

... #.[ ..# #.#
...# #.# # ...
##.###.### ##..
......... ...
#..)..# .. #.## #o#
. ##...##..###@# ..
#............#
..#..#####.....#
...###...##......
###.#>..####.#####
. #.........#...
..##..............
..............#####
#.##..........#


You could see an orc priest.


Message History

You now have 44 max hp (+6).
Your hp is fully restored (44).
The magic dart hits the orc.
You kill the orc! 😎 MP[-1]
You lost 1 mp, and now have 6/13 mp.
Something hits you.
Things that are here:
a +0 dagger; a +0 chain mail; an orc corpse 😕 HP[-2] MP[+1]
You take 2 damage, and now have 42/44 hp.
You hit something. You freeze something. You completely miss something.
The orc misses you. Something hits you but does no damage.
The magic dart hits the orc!
You kill the orc! 😕 MP[-1]
You lost 1 mp, and now have 6/13 mp.
Casting: Magic Dart (safe; 1% risk of failure)
Confirm with . or Enter, or press ? or * to list all spells.
Aiming: Searing Ray (safe; 1% risk of failure)
Press: ? - help, Shift-Dir - straight line The searing ray hits something. (Press . to maintain the ray.) 😕 HP[+1] MP[-2]
You lost 2 mp, and now have 4/13 mp.
The searing ray hits something!
Reactivating autopickup.
You feel a bit more experienced. 😕 MP[-1]
An adder is nearby! 😎 HP[+1] MP[+1]
Your hp is fully restored (44).
The magic dart hits the adder. 😎 MP[-1]
You lost 1 mp, and now have 3/14 mp.
The magic dart hits the adder.
The magic dart hits the adder.
You kill the adder! 😎 MP[-1]
You lost 1 mp, and now have 2/14 mp.
You can't see any susceptible monsters within range! (Use Z to cast anyway.)
An orc priest comes into view.
The magic dart hits the orc priest but does no damage.
The orc priest invokes the aid of Beogh against you.
Pain shoots through your body! 😮 HP[-12] MP[-1]
You take 12 damage, and now have 32/44 hp.
MASSIVE DAMAGE!! (PAUSE)
You lost 1 mp, and now have 1/14 mp.
You are too injured to fight recklessly!
Aiming: Magic Dart (safe; 1% risk of failure)
Press: ? - help, Q - select action, (/) - cycle Shift-Dir - straight line, f/p - orc priest
Aim: an orc priest, wearing a +0 ring mail (0% to evade)
The magic dart hits the orc priest but does no damage.
The orc priest looks satisfied for a moment. 😮 MP[-1]
You lost 1 mp, and now have 0/14 mp.
Reach: q) +0 spear (freeze)
Press: ? - help, Dir - move target, f/p - orc priest
Aim: an orc priest, wearing a +0 ring mail You reach to attack!
You closely miss the orc priest. 😮 MP[+1] Reach: q) +0 spear (freeze)
Press: ? - help, Dir - move target, f/p - orc priest
Aim: an orc priest, wearing a +0 ring mail You barely miss the orc priest.
The orc priest mumbles some strange prayers to Beogh against you.
Beogh smites you! 😮 HP[-9]
You take 9 damage, and now have 23/44 hp.
MASSIVE DAMAGE!! (PAUSE) Reach: q) +0 spear (freeze)
Press: ? - help, Dir - move target, f/p - orc priest
Aim: an orc priest, wearing a +0 ring mail You hit the orc priest but do no damage.
The orc priest calls down the wrath of Beogh upon you.
You resist with some effort.
You barely miss the orc priest.
The orc priest mumbles some strange prayers to Beogh against you.
Beogh smites you!
* * * LOW HITPOINT WARNING * * *
😱 HP[-13]
You take 13 damage, and now have 10/44 hp.
MASSIVE DAMAGE!! (PAUSE)
You hit the orc priest. You freeze the orc priest.
The orc priest completely misses you. 😱 HP[+1]
You hit the orc priest. You freeze the orc priest.
The orc priest hits you but does no damage.
You hit the orc priest. You freeze the orc priest. The orc priest hits you.
* * * LOW HITPOINT WARNING * * *
😱 HP[-4]
You take 4 damage, and now have 7/44 hp.
Aiming: Magic Dart (safe; 1% risk of failure)
Press: ? - help, Q - select action, (/) - cycle Shift-Dir - straight line, f/p - orc priest
Aim: an orc priest, wearing a +0 ring mail (severely wounded, 0% to evade)
The magic dart hits the orc priest.
The orc priest invokes the aid of Beogh against you.
Beogh smites you!
You die...

Skill      XL: |  1  2  3  4  5 |
---------------+----------------+-----
Spellcasting   | 5 |  5.3
Invocations    | 1 2 |  2.1
Fighting       | 1 |  1.9
Short Blades   | 1 |  1.9
Long Blades    | 1 |  1.9
Axes           | 1 |  1.9
Maces & Flails | 1 |  1.9
Polearms       | 1 |  1.9
Staves         | 1 |  1.9
Slings         | 1 |  1.9
Bows           | 1 |  1.9
Crossbows      | 1 |  1.9
Throwing       | 1 |  1.9
Armour         | 1 |  1.9
Shields        | 1 |  1.9
Unarmed Combat | 1 |  1.9
Evocations     | 1 |  1.9
Hexes          | 1 |  1.5
Summonings     | 1 |  1.5
Necromancy     | 1 |  1.5
Translocations | 1 |  1.5
Transmutations | 1 |  1.5
Fire Magic     | 1 |  1.5
Ice Magic      | 1 |  1.5
Air Magic      | 1 |  1.5
Earth Magic    | 1 |  1.5
Poison Magic   | 1 |  1.5
Dodging        | |  4.9
Stealth        | |  4.5
Conjurations   | |  7.2

Action                   |  1- 3 |  4- 6 || total
-------------------------+-------+-------++-------
Melee: Dagger            |     2 |     5 ||     7
       Spear             |       |    26 ||    26
 Cast: Magic Dart        |    46 |    88 ||   134
       Searing Ray       |       |     3 ||     3
Armor: Robe              |       |     3 ||     3
Dodge: Dodged            |     3 |    34 ||    37

Levels and vault maps discovered:
D:1:      co_arrival_square_in_a_square_in_a_square, layout_loops_ring
D:2:      layout_basic, nicolae_overflow_hidden_temple, minmay_cupped,
          uniq_natasha
D:3:      layout_basic, lemuel_round_altar, uniq_jessica
D:4:      layout_rooms, minmay_temple_entry_tees, serial_shops, shop

Notes
Turn   | Place    | Note
-------+----------+-------------------------------------------
     0 | D:1      | phalm the Gnoll Conjurer began the quest for the Orb.
     0 | D:1      | Reached XP level 1. HP: 13/13 MP: 6/6
     0 | D:1      | magus.rc [v1.9.10]
    67 | D:1      | magus.rc [v1.9.10]
   261 | D:1      | Reached XP level 2. HP: 19/19 MP: 5/7
   292 | D:1      | Learned a level 2 spell: Searing Ray
   943 | D:2      | Reached XP level 3. HP: 25/25 MP: 0/9
  1032 | D:2      | Noticed Natasha
  1036 | D:2      | Killed Natasha
  1037 | D:2      | Reached skill level 5 in Spellcasting
  1037 | D:2      | Reached skill level 1 in Invocations
  1113 | D:2      | Reached skill level 1 in Fighting
  1113 | D:2      | Reached skill level 1 in Short Blades
  1113 | D:2      | Reached skill level 1 in Long Blades
  1113 | D:2      | Reached skill level 1 in Axes
  1113 | D:2      | Reached skill level 1 in Maces & Flails
  1113 | D:2      | Reached skill level 1 in Polearms
  1113 | D:2      | Reached skill level 1 in Staves
  1113 | D:2      | Reached skill level 1 in Slings
  1113 | D:2      | Reached skill level 1 in Bows
  1113 | D:2      | Reached skill level 1 in Crossbows
  1113 | D:2      | Reached skill level 1 in Throwing
  1113 | D:2      | Reached skill level 1 in Armour
  1113 | D:2      | Reached skill level 1 in Shields
  1113 | D:2      | Reached skill level 1 in Unarmed Combat
  1113 | D:2      | Reached skill level 1 in Evocations
  1257 | D:2      | Reached XP level 4. HP: 28/32 MP: 6/11
  1578 | D:2      | Noticed Natasha
  1583 | D:2      | Killed Natasha
  1584 | D:2      | Reached skill level 1 in Hexes
  1584 | D:2      | Reached skill level 1 in Summonings
  1584 | D:2      | Reached skill level 1 in Necromancy
  1584 | D:2      | Reached skill level 1 in Translocations
  1584 | D:2      | Reached skill level 1 in Transmutations
  1584 | D:2      | Reached skill level 1 in Fire Magic
  1584 | D:2      | Reached skill level 1 in Ice Magic
  1584 | D:2      | Reached skill level 1 in Air Magic
  1584 | D:2      | Reached skill level 1 in Earth Magic
  1584 | D:2      | Reached skill level 1 in Poison Magic
  1793 | D:2      | Reached XP level 5. HP: 35/37 MP: 12/12
  1962 | D:3      | HP: 9/37 [orc/+0 flail (5)]
  2245 | D:3      | Noticed Jessica
  2247 | D:3      | Killed Jessica
  2504 | D:3      | magus.rc [v1.9.10]
  2522 | D:3      | Found an ornate altar of the Wu Jian Council.
  2915 | D:4      | Reached skill level 2 in Invocations
  2915 | D:4      | Reached XP level 6. HP: 44/44 MP: 7/13
  2942 | D:4      | HP: 10/44 [orc priest/divine providence (13)]
  2946 | D:4      | Killed from afar by an orc priest

Vanquished Creatures
  2 orc wizards (D:4)
  An orc priest (D:3)
  Jessica (D:3)
  Natasha (twice) (D:2)
  5 adders
  An ufetubus (D:4)
  A worm (D:2)
  4 dart slugs
  7 leopard geckos
  11 orcs
  2 giant cockroaches
  4 goblins
  2 hobgoblins (D:1)
  4 kobolds
  A ball python (D:2)
  5 bats
  6 frilled lizards
  4 rats
63 creatures vanquished.

Table legend:
 A = Non-vault XP
 B = Vault XP
 C = Vault XP percentage of total XP
 D = Non-vault monster count
 E = Vault monster count
 F = Vault count percentage of total count
                 A         B        C        D         E       F
            +---------+---------+-------+---------+---------+-------
      Total |     321 |      93 |  22.5 |      57 |       6 |   9.5
            +---------+---------+-------+---------+---------+-------
        D:1 |      21 |       0 |   0.0 |      12 |       0 |   0.0
        D:2 |     100 |      56 |  35.9 |      21 |       5 |  19.2
        D:3 |      89 |      37 |  29.4 |      15 |       1 |   6.2
        D:4 |     111 |       0 |   0.0 |       9 |       0 |   0.0
            +---------+---------+-------+---------+---------+-------

Illustrated notes

Table legend:
 A = Kills in this place as a percentage of kills in entire the game.
 B = Kills by you in this place as a percentage of kills by you in the entire game.
 C = Kills by friends in this place as a percentage of kills by friends in the entire game.
 D = Other kills in this place as a percentage of other kills in the entire game.
 E = Experience gained in this place as a percentage of experience gained in the entire game.
 F = Experience gained in this place divided by the number of levels of this place that you have seen.
                   A       B       C       D       E      F
               +-------+-------+-------+-------+-------+----------------------
         Total | 100.0 | 100.0 |   N/A |   N/A | 100.0 | 103.5
       Dungeon | 100.0 | 100.0 |   N/A |   N/A | 100.0 | 103.5
               +-------+-------+-------+-------+-------+----------------------

Table legend: (Time is in decaauts)
 A = Elapsed time spent in this place.
 B = Non-inter-level travel time spent in this place.
 C = Inter-level travel time spent in this place.
 D = Time resting spent in this place.
 E = Time spent auto-exploring this place.
 F = Levels seen in this place.
 G = Mean time per level.
                   A        B        C        D        E       F      G
               +--------+--------+--------+--------+--------+-----+--------+
         Total |   2943 |   2888 |     55 |      0 |   2609 |   4 |  735.8 |
       Dungeon |   2943 |   2888 |     55 |      0 |   2609 |   4 |  735.8 |
               +--------+--------+--------+--------+--------+-----+--------+

Top non-repeatable levels by time:
     D:2: 1006 daAuts
     D:3: 915 daAuts
     D:1: 859 daAuts
     D:4: 161 daAuts
